 Dungeon Crawl Stone Soup version 0.30-a0-956-gcec3b41aec (webtiles) character file.

Game seed: 7846232732535182188

126 HoaS the Shooter (level 5, -2/38 HPs)
             Began as a Formicid Hunter on Mar 30, 2023.
             Slain by Natasha (5 damage)
             ... on level 3 of the Dungeon.
             The game lasted 00:02:51 (2598 turns).

HoaS the Shooter (Formicid Hunter)                  Turns: 2598, Time: 00:02:51

Health: -2/38      AC:  3    Str: 15    XL:     5   Next: 31%
Magic:  0/5        EV: 12    Int:  9    God:
Gold:   178        SH:  0    Dex: 19    Spells: 4/4 levels left

rFire   . . .      SeeInvis +    a - +1 shortbow
rCold   . . .      Faith    .    (no shield)
rNeg    . . .      Spirit   +    c - +0 leather armour
rPois   .          Reflect  .    (helmet unavailable)
rElec   .          Rampage  .    (no cloak)
rCorr   .                        (no gloves)
Will    .....                    (no boots)
Stlth   ++                       e - amulet of guardian spirit
HPRegen 0.26/turn                h - ring of flight
MPRegen 0.09/turn                (no ring)

@: flying
A: permanent stasis, dig shafts and tunnels, antennae 3, four strong arms
a: Dig, Shaft Self


You were on level 3 of the Dungeon.
You visited 1 branch of the dungeon, and saw 3 of its levels.

You collected 178 gold pieces.

Inventory:

Hand Weapons
 a - a +1 shortbow (weapon)
Armour
 c - a +0 leather armour (worn)
 j - a +0 scale mail
Jewellery
 e - an amulet of guardian spirit (around neck)
 h - a ring of flight (left hand)
Scrolls
 b - a scroll of immolation
 f - a scroll of magic mapping
Potions
 d - 4 potions of attraction
 i - 2 potions of curing
 k - 2 potions of lignification {unknown}
 l - a potion of heal wounds


   Skills:
 - Level 2.1 Fighting
 + Level 6.2 Ranged Weapons
 - Level 1.7 Dodging
 - Level 1.2 Stealth


You had 4 spell levels left.
You didn't know any spells.
Your spell library was empty.

Dungeon Overview and Level Annotations

Branches:
Dungeon (3/15)

Altars:

Annotations:
D:3 Natasha


Innate Abilities, Weirdness & Mutations

You cannot be hasted, slowed, berserked, paralysed or teleported.
You can dig through walls and to a lower floor.
You have a pair of large antennae on your head. (SInv)
Your four strong arms can wield two-handed weapons with a shield.


Message History

Natasha is lightly wounded.
Natasha stares at you and mumbles some strange words.
Your stasis prevents you from being slowed.
Found a stone staircase leading down.
Natasha claws you but does no damage.
You shoot an arrow. The arrow barely misses Natasha.
Natasha closely misses you.
You shoot an arrow. The arrow hits Natasha.
Natasha is moderately wounded.
Natasha extends her claws.
Natasha misses you.
You shoot an arrow. The arrow hits Natasha.
Natasha is heavily wounded.
Natasha claws you.
You shoot an arrow. The arrow barely misses Natasha.
Natasha completely misses you. Natasha claws you!
You shoot an arrow. The arrow closely misses Natasha.
Natasha barely misses you.
You shoot an arrow. The arrow closely misses Natasha.
Natasha casts a spell at you. The magic dart hits you!
You shoot an arrow. The arrow closely misses Natasha.
Natasha misses you.
You shoot an arrow. The arrow hits Natasha.
Natasha is severely wounded.
Natasha claws you.
You shoot an arrow. The arrow barely misses Natasha.
Natasha claws you!
Natasha mumbles some strange words.
You shoot an arrow. The arrow hits Natasha.
Natasha is almost dead.
Natasha stares at you and mumbles some strange words.
You resist with some effort. The crimson imp hits you.
You shoot an arrow. The arrow hits Natasha.
Natasha is almost dead.
Natasha claws you!
* * * LOW HITPOINT WARNING * * *
The crimson imp hits you.
* * * LOW HITPOINT WARNING * * *
You shoot an arrow. The arrow closely misses Natasha.
Natasha barely misses you. The crimson imp barely misses you.
Natasha claws you!
You die...

##...## #.#
##..⌠####
##.#
##..'..###..#
##⌠##.....##
#######..#
#..# #.##
######.######
#.h@........#
#.5########.#
#.. #.. ...
##>. ###


You could see Natasha and a crimson imp (summoned).

Vanquished Creatures
  Natasha (D:3)
  Terence (D:2)
  4 adders
  A worm (D:2)
  5 orcs
  2 giant cockroaches
  5 goblins
  4 hobgoblins
  4 ball pythons
  5 bats
  4 frilled lizards
  A kobold (D:1)
  3 rats (D:1)
40 creatures vanquished.

Notes
Turn   | Place    | Note
-------+----------+-------------------------------------------
     0 | D:1      | HoaS the Formicid Hunter began the quest for the Orb.
     0 | D:1      | Reached XP level 1. HP: 16/16 MP: 1/1
   161 | D:1      | Reached XP level 2. HP: 18/22 MP: 2/2
   979 | D:1      | Reached skill level 5 in Ranged Weapons
   979 | D:1      | Reached XP level 3. HP: 16/27 MP: 1/3
  1431 | D:2      | Reached XP level 4. HP: 29/33 MP: 4/4
  1656 | D:2      | Found a faded altar of an unknown god.
  1805 | D:2      | Noticed Terence
  1810 | D:2      | Killed Terence
  1938 | D:2      | Identified the +9 mace of the Augurer {protect, rCorr}
  2408 | D:3      | Noticed Natasha
  2428 | D:3      | Killed Natasha
  2429 | D:3      | Reached skill level 6 in Ranged Weapons
  2429 | D:3      | Reached XP level 5. HP: 22/38 MP: 2/5
  2584 | D:3      | Noticed Natasha
  2598 | D:3      | Slain by Natasha

Illustrated notes

Levels and vault maps discovered:
D:1:      lightli_arrival_flooded_house, layout_basic
D:2:      layout_loops_corners, serial_forest, infiniplex_forest_corner_1,
          infiniplex_forest_lined_corner, infiniplex_forest_clump_long,
          infiniplex_forest_clump_small, infiniplex_forest_straight_3,
          infiniplex_forest_end_3, infiniplex_forest_lined_room_2,
          hellmonk_ecumenical_altar_inner_sanctum, uniq_terence
D:3:      layout_basic, tgw_kikubaaqudgha, serial_shops,
          nicolae_shop_waterfront, grunt_ministairs_8, uniq_natasha

Skill      XL: |  1  2  3  4 |
---------------+-------------+-----
Ranged Weapons | 5 6 |  6.2
Fighting       | |  2.1
Dodging        | |  1.7
Stealth        | |  1.2

Action                     |  1- 3 |  4- 6 || total
---------------------------+-------+-------++-------
   Fire: Shortbow          |    65 |    68 ||   133
    Use: Scroll            |     9 |       ||     9
 Armour: Leather armour    |     8 |     8 ||    16
  Dodge: Dodged            |    16 |    22 ||    38

Table legend: (Time is in decaauts)
 A = Elapsed time spent in this place.
 B = Non-inter-level travel time spent in this place.
 C = Inter-level travel time spent in this place.
 D = Time resting spent in this place.
 E = Time spent auto-exploring this place.
 F = Levels seen in this place.
 G = Mean time per level.
                   A        B        C        D        E       F      G
               +--------+--------+--------+--------+--------+-----+--------+
         Total |   2637 |   2437 |    200 |    529 |   1614 |   3 |  879.0 |
       Dungeon |   2637 |   2437 |    200 |    529 |   1614 |   3 |  879.0 |
               +--------+--------+--------+--------+--------+-----+--------+

Top non-repeatable levels by time:
     D:2: 1387 daAuts
     D:1: 1034 daAuts
     D:3: 215 daAuts
